 Dungeon Crawl Stone Soup version 0.32-a0-607-g64ea0e4219 (webtiles) character file.

Game seed: 13752080470728300835

53 jasper the Trooper (level 3, 0/31 HPs)
             Began as a Demonspawn Cinder Acolyte on Mar 3, 2024.
             Was a High Priest of Ignis.
             Slain by a ribbon worm (7 damage)
             ... on level 2 of the Dungeon.
             The game lasted 00:02:14 (1875 turns).

jasper the Trooper (Demonspawn Cinder Acolyte)      Turns: 1875, Time: 00:02:14

Health: 0/31       AC:  3    Str: 16    XL:     3   Next: 64%
Magic:  4/4        EV: 11    Int: 14    God:    Ignis [*****.]
Gold:   92         SH:  0    Dex:  8    Spells: 4/4 levels left

rFire   + .          .
                       - Unarmed
rCold   . . .        (no shield)
rNeg    . . .        a - +1 robe
rPois   .            (helmet currently unavailable)
rElec   .            (cloak currently unavailable)
rCorr   .            (gloves currently unavailable)
SInv    .            (boots currently unavailable)
Will    .....        (no amulet)
Stlth   +            (no ring)
HPRegen 0.25/turn    (no ring)
MPRegen 0.09/turn

%: no passive effects
@: beast-form
A: beast (slay +0), weakness stinger 1
a: Begin Untransformation, Renounce Religion, Fiery Armour, Foxfire Swarm,
Rising Flame


You were on level 2 of the Dungeon.
You worshipped Ignis.
Ignis was extremely pleased with you.
You were a hulking beast.
You visited 1 branch of the dungeon, and saw 2 of its levels.

You collected 92 gold pieces.

Inventory:

Missiles
 b - 9 stones (quivered)
Armour
 a - a +1 robe (worn)
Jewellery
 l - a ring of ice
Talismans
 g - a beast talisman (active)
 o - a maw talisman
Scrolls
 e - 3 scrolls of teleportation
Potions
 c - a potion of curing
 d - a potion of haste {unknown}
 h - 3 potions of enlightenment {unknown}
 n - a potion of cancellation {unknown}


   Skills:
 + Level 4.7 Fighting
 - Level 2.6 Unarmed Combat
 - Level 1.0 Spellcasting
 - Level 2.6 Fire Magic


You had 4 spell levels left.
You didn't know any spells.
Your spell library contained the following spells:

 Spells                   Type           Power      Damage    Failure   Level
 Scorch                   Fire           16%        2d5       13%         2
 Foxfire                  Conj/Fire      16%        2x1d4     16%         1
 Freeze                   Ice            0%         1d3       26%         1
 Frozen Ramparts          Ice            0%         1d1       61%         3
 Hailstorm                Conj/Ice       0%         3d5       61%         3
 Plasma Beam              Fire/Air       2%         2x1d12    100%        6
 Starburst                Conj/Fire      2%         6d3       100%        6


Dungeon Overview and Level Annotations

Branches:
Dungeon (2/15)

Altars:
Xom


Innate Abilities, Weirdness & Mutations

You are a hulking beast.
Your limbs bulge with bestial killing power. (Slay +0)
You have a small tail.


Message History

d - an orange potion A ribbon worm comes into view.
A ribbon worm is nearby!
The ribbon worm bites you!
You take 8 damage, and have 23/31 hp.
MASSIVE DAMAGE!!
You hit the plant.
The plant begins to die.
You tail-slap the plant, but do no damage.
The plant is lightly damaged.
The ribbon worm bites you.
You take 6 damage, and have 17/31 hp.
You hit the ribbon worm.
The ribbon worm is moderately wounded.
You hit the ribbon worm but do no damage.
The ribbon worm is moderately wounded.
The ribbon worm expels a string of sticky webbing.
The stream of webbing hits you but does no damage.
You are caught in a web!
You struggle to detach yourself from the web.
A nearby plant withers and dies.
The ribbon worm bites you but does no damage.
The web tears apart.
The ribbon worm closely misses you.
You hit the ribbon worm. You tail-slap the ribbon worm.
The ribbon worm is heavily wounded.
The ribbon worm bites you.
You take 4 damage, and have 14/31 hp.
You hit the ribbon worm but do no damage.
The ribbon worm is heavily wounded.
You hit the ribbon worm but do no damage.
The ribbon worm is heavily wounded.
The ribbon worm bites you!
* * * LOW HITPOINT WARNING * * *
You take 8 damage, and have 7/31 hp.
MASSIVE DAMAGE!!
You hit the ribbon worm.
The ribbon worm is severely wounded.
The ribbon worm expels a string of sticky webbing.
The stream of webbing hits you but does no damage.
You are caught in a web!
The web tears apart.
The ribbon worm bites you!
You die...
Ignis goes out, and joins you in death.

... #.......# ........###........
............###....
###..#+#..###.###...#
......#..........♣.♣ #
............###.♣.♣
.#.###.......#.......♣.♣
.....Pw..............♣.♣
#...P♣h#............♣.♣
♣..#............♣.♣
♣♣..#............... ...
♣♣P..#.........#...#.
...♣♣♣♣P...#....#.#..#..... #
#.....♣...>.....#.#..##.... #.
#..♣.......................
##.####P....#####................
........>.............#.#..##.###


You could see a ribbon worm (catching breath).

Vanquished Creatures
  An adder (D:2)
  A dart slug (D:1)
  2 ribbon worms (D:2)
  2 endoplasms (D:2)
  2 giant cockroaches
  3 goblins (D:1)
  2 hobgoblins
  8 jackals (D:1)
  A quokka (D:2)
  2 ball pythons (D:2)
  3 bats
  A frilled lizard (D:2)
  6 kobolds
34 creatures vanquished.

Notes
Turn   | Place    | Note
-------+----------+-------------------------------------------
     0 | D:1      | jasper the Demonspawn Cinder Acolyte began the quest for
                  | the Orb.
     0 | D:1      | Reached XP level 1. HP: 18/18 MP: 2/2
    30 | D:1      | Found a faded altar of an unknown god.
   175 | D:1      | Gained mutation: You have a small tail. [demonic ancestry]
   175 | D:1      | Reached XP level 2. HP: 24/24 MP: 3/3
   295 | D:1      | Reached skill level 4 in Fighting
  1029 | D:2      | Reached XP level 3. HP: 30/30 MP: 4/4
  1487 | D:2      | Found a shimmering altar of Xom.
  1875 | D:2      | Slain by a ribbon worm

Illustrated notes

Levels and vault maps discovered:
D:1:      ncdulo_halloftheorcs, layout_basic, basic_ecumenical_altar,
          minivault_5, minmay_misc_feat_nine_boxes
D:2:      layout_basic, basic_altar, serial_forest,
          infiniplex_forest_clump_tiny, infiniplex_forest_lined_3,
          infiniplex_forest_straight_2, infiniplex_forest_straight_2,
          infiniplex_forest_clump_small, infiniplex_forest_clump_diagonal

Skill      XL: |  1  2 |
---------------+-------+-----
Fighting       | 4 |  4.7
Unarmed Combat | |  2.6
Spellcasting   | |  1.0
Fire Magic     | |  2.6

Action                     || total
---------------------------++-------
  Melee: Unarmed           ||    93
         Tailslap          ||    16
  Throw: Boomerang         ||    11
         Stone             ||     6
 Invoke: Fiery Armour      ||     2
    Use: Scroll            ||     7
 Armour: Robe              ||    76
  Dodge: Dodged            ||    73
   Form: Beast             ||     1

Table legend: (Time is in decaauts)
 A = Elapsed time spent in this place.
 B = Non-inter-level travel time spent in this place.
 C = Inter-level travel time spent in this place.
 D = Time resting spent in this place.
 E = Time spent auto-exploring this place.
 F = Levels seen in this place.
 G = Mean time per level.
                   A        B        C        D        E       F      G
               +--------+--------+--------+--------+--------+-----+--------+
         Total |   1873 |   1846 |     27 |    132 |   1421 |   2 |  936.5 |
       Dungeon |   1873 |   1846 |     27 |    132 |   1421 |   2 |  936.5 |
               +--------+--------+--------+--------+--------+-----+--------+

Top non-repeatable levels by time:
     D:1: 998 daAuts
     D:2: 874 daAuts
